 Dungeon Crawl Stone Soup version 0.32-a0-913-g739538afd8 (webtiles) character file.

Game seed: 3628586962049976432

28 Adrian566 the Ducker (level 3, 27/27 HPs)
             Began as a Demonspawn Gladiator on Apr 8, 2024.
             Quit the game on level 1 of the Dungeon.
             The game lasted 00:00:32 (652 turns).

Adrian566 the Ducker (Demonspawn Gladiator)          Turns: 652, Time: 00:00:32

Health: 27/27      AC:  4    Str: 14    XL:     3   Next: 0%
Magic:  3/3        EV: 11    Int:  8    God:
Gold:   45         SH:  0    Dex: 16    Spells: 2/2 levels left

rFire   . . .        a - +0 long sword
rCold   . . .        (no shield)
rNeg    . . .        b - +0 leather armour
rPois   .            c - +0 helmet
rElec   .            (no cloak)
rCorr   .            (no gloves)
SInv    .            (no boots)
Will    .....        (no amulet)
Stlth   +            (no ring)
HPRegen 0.24/turn    (no ring)
MPRegen 0.16/turn

%: no passive effects
@: no status effects
A: magic regeneration, demonic touch 1
a: no special abilities


You were on level 1 of the Dungeon.
You visited 1 branch of the dungeon, and saw 1 of its levels.

You collected 45 gold pieces.

Inventory:

Hand Weapons
 a - a +0 long sword (weapon)
Missiles
 d - 3 throwing nets (quivered)
 e - a javelin
Armour
 b - a +0 leather armour (worn)
 c - a +0 helmet (worn)
Scrolls
 f - a scroll of acquirement {unknown}
Potions
 g - a potion of attraction {unknown}


   Skills:
 + Level 2.1 Fighting
 + Level 3.1 Long Blades
 + Level 1.9 Throwing
 + Level 3.1 Dodging
 + Level 0.2 Stealth


You had 2 spell levels left.
You didn't know any spells.
Your spell library was empty.

Dungeon Overview and Level Annotations

Branches:
Dungeon (1/15)

Altars:


Innate Abilities, Weirdness & Mutations

You regenerate magic rapidly.
Your touch may inflict minor irresistible damage on your foes.


Message History

There is an open door here.
Found 6 stones.
No target in view!
A hobgoblin comes into view.
The hobgoblin shouts!
You hear a shout!
A hobgoblin comes into view.
There are monsters nearby!
You barely miss the hobgoblin.
You touch the hobgoblin.
You kill the hobgoblin!
The hobgoblin hits you.
You hit the hobgoblin but do no damage. The hobgoblin barely misses you.
The hobgoblin closely misses you.
You completely miss the hobgoblin. The hobgoblin closely misses you.
You barely miss the hobgoblin.
You touch the hobgoblin.
You kill the hobgoblin!
You have reached level 3!
Your experience leads to an increase in your attributes!
Increase (S)trength, (I)ntelligence, or (D)exterity?
You feel agile. x2; Your demonic ancestry asserts itself...
Your magic begins to regenerate rapidly.
You see here a hobgoblin corpse.
Found a ring mail.
g - an inky potion No target in view!
No target in view!
No target in view!
No target in view!
No target in view!
No target in view!
No target in view!
No target in view!
No target in view!
No target in view!
No target in view!
No target in view!
No target in view!
No target in view!
No target in view!
No target in view!
Are you sure you want to abandon this character and quit the game? (Confirm with "yes".)

#.# #.####..).......
#.#.#.####.#########
#.#[#.#.....)....#
########.#.#†#.##.#####.#
#........#.#.#.##.# #.#
#.#####..#.#.#.##.# #.# #.#
#..#.#.#.##.# #.# #.#
#..#.#.#.##.# #.# #.#
#...@#.#.##.# #.#
#.##########.#.##.# #.#
#............#..#.# #.# #
###############.#.#####.###
#.#......÷...
######.......#.###
#............#.# #
########.........####.# #
#......'..............###


There were no monsters in sight!

Vanquished Creatures
  2 dart slugs (D:1)
  3 ball pythons (D:1)
  2 giant cockroaches (D:1)
  3 hobgoblins (D:1)
  2 bats (D:1)
  2 frilled lizards (D:1)
  5 goblins (D:1)
  2 kobolds (D:1)
  3 rats (D:1)
24 creatures vanquished.

Notes
Turn   | Place    | Note
-------+----------+-------------------------------------------
     0 | D:1      | Adrian566 the Demonspawn Gladiator began the quest for the
                  | Orb.
     0 | D:1      | Reached XP level 1. HP: 16/16 MP: 1/1
   180 | D:1      | Gained mutation: Your touch may inflict minor irresistible
                  | damage on your foes. [demonic ancestry]
   180 | D:1      | Reached XP level 2. HP: 5/22 MP: 2/2
   605 | D:1      | Gained mutation: You regenerate magic rapidly. [demonic
                  | ancestry]
   605 | D:1      | Reached XP level 3. HP: 25/27 MP: 3/3
   652 | D:1      | Quit the game

Illustrated notes

Levels and vault maps discovered:
D:1:      tarquinn_simple_flora_water_f, layout_basic

Skill      XL: |  1 |
---------------+----+-----
Long Blades    | 3 |  3.1
Dodging        | 3 |  3.1
Fighting       | |  2.1
Throwing       | |  1.9
Stealth        | |  0.2

Action                     || total
---------------------------++-------
  Melee: Long sword        ||    57
         Touch             ||     7
   Stab: Sleeping          ||     3
 Armour: Leather armour    ||    31
  Dodge: Dodged            ||    35

Table legend: (Time is in decaauts)
 A = Elapsed time spent in this place.
 B = Non-inter-level travel time spent in this place.
 C = Inter-level travel time spent in this place.
 D = Time resting spent in this place.
 E = Time spent auto-exploring this place.
 F = Levels seen in this place.
 G = Mean time per level.
                   A        B        C        D        E       F      G
               +--------+--------+--------+--------+--------+-----+--------+
         Total |    666 |    666 |      0 |      0 |    526 |   1 |  666.0 |
       Dungeon |    666 |    666 |      0 |      0 |    526 |   1 |  666.0 |
               +--------+--------+--------+--------+--------+-----+--------+

Top non-repeatable levels by time:
     D:1: 666 daAuts
